 Dungeon Sprint DCSS version 0.28.0 (webtiles) character file.

Game seed: 17323472865275463841

308 rocky1 the Fighter (level 6, 0/78 HPs)
             Began as an Ogre Fighter on Feb 7, 2022.
             Was a Believer of Okawaru.
             Slain by a gnoll sergeant (12 damage)
             ... in the Dungeon (Sprint VII: "The Pits").
             The game lasted 00:02:18 (929 turns).

rocky1 the Fighter (Ogre Fighter)                    Turns: 929, Time: 00:02:18

Health: 0/78       AC:  3    Str: 23    XL:     6   Next: 40%
Magic:  9/9        EV:  8    Int:  9    God:    Okawaru [**....]
Gold:   0          SH:  8    Dex:  8    Spells: 5/5 levels left

rFire   . . .      SeeInvis .   m - +2 hand axe (vorpal)
rCold   . . .      Faith    .   c - +0 kite shield
rNeg    . . .      Spirit   .   b - +0 robe
rPois   .          Reflect  .   (helmet restricted)
rElec   .          Harm     .   (no cloak)
rCorr   .          Rampage  .   (gloves unavailable)
Will    .....      NoTele   +   (boots unavailable)
Stlth   +.........              (no amulet)
HPRegen 0.23/turn               (no ring)
MPRegen 0.11/turn               (no ring)

@: no status effects
A: large, unfitting armour, tough skin 1
a: Renounce Religion, Heroism


You were in the Dungeon.
You worshipped Okawaru.
Okawaru was pleased with you.
You visited 1 branch

Inventory:

Hand Weapons
 m - a +2 vorpal hand axe (weapon)
Armour
 b - a +0 robe (worn)
 c - a +0 kite shield (worn)
Scrolls
 j - a scroll of blinking
 l - 5 scrolls of amnesia
Potions
 d - a potion of might
 e - 6 potions of curing
 f - 5 potions of heal wounds
 g - a potion of haste
 h - 4 potions of magic
 i - 3 potions of berserk rage
 k - 2 potions of invisibility


   Skills:
 + Level 10.1 Fighting
 + Level 7.3 Axes
 - Level 2.6 Dodging
 + Level 7.0 Shields
 - Level 4.5 Invocations


You had 5 spell levels left.
You didn't know any spells.
Your spell library was empty.

Dungeon Overview and Level Annotations

Branches:
Dungeon (1/1)

Altars:
Ashenzari
Cheibriados
Dithmenos
Elyvilon
Fedhas
Gozag
Hepliaklqana
Kikubaaqudgha
Makhleb
Nemelex Xobeh
Okawaru
Qazlal
Ru
Sif Muna
Trog
Uskayaw
Vehumet
Wu Jian
Xom
Yredelemnul
Zin
The Shining One
Beogh
Jiyva
Lugonu


Innate Abilities, Weirdness & Mutations

You are too large for most types of armour.
You have tough skin. (AC +1)


Message History

You block the crimson imp's attack.
You hit the gnoll.
The gnoll is moderately wounded.
You hit the gnoll sergeant. You barely miss the crimson imp.
You block the gnoll sergeant's attack. You block the gnoll's attack.
The crimson imp barely misses you. You block the gnoll sergeant's attack.
You feel much better. The gnoll hits you with a +0 club.
The crimson imp blinks!
The gnoll sergeant hits you with a +0 spear!
You slash the gnoll sergeant!
The gnoll sergeant is heavily wounded.
You slash the gnoll!
You kill the gnoll!
Okawaru accepts your kill. You block the gnoll sergeant's attack.
Your Shields skill increases to level 7!
You closely miss the gnoll sergeant.
The gnoll sergeant is heavily wounded.
The crimson imp blinks!
The gnoll sergeant hits you but does no damage.
You barely miss the gnoll sergeant.
The gnoll sergeant is heavily wounded.
The gnoll sergeant hits you with a +0 spear.
You barely miss the gnoll sergeant.
The gnoll sergeant is heavily wounded.
The gnoll sergeant barely misses you.
You hit the gnoll sergeant.
The gnoll sergeant is severely wounded.
The gnoll sergeant hits you with a +0 spear!
* * * LOW HITPOINT WARNING * * *
You hit the gnoll sergeant but do no damage.
The gnoll sergeant is severely wounded.
The crimson imp blinks!
The gnoll sergeant hits you with a +0 spear.
* * * LOW HITPOINT WARNING * * *
You hit the gnoll sergeant.
The gnoll sergeant is almost dead.
You hit the crimson imp.
The crimson imp blinks!
The gnoll sergeant hits you with a +0 spear!
You die...

############
#_________.#
#_________.#
#_______...########
##########'##......
#.?(.')))'.##......
##########.##......
#g@.........'......
#ยง#####'#####......
#.#...#.#..##......
#.#..)#)#))#####'##
#.#..)).#))##......
#.##'####))##......
#5#.....#[[##......
#.#.....#'###...<..
#.#........##......


You could see a gnoll sergeant and a crimson imp.

Vanquished Creatures
  A floating eye (D)
  An ice beast (D)
  2 orc wizards (D)
  3 gnolls (D)
  2 river rats (D)
  3 orcs (D)
  An endoplasm (D)
  A goblin (D)
  2 hobgoblins (D)
  A kobold (D)
  A bat (D)
18 creatures vanquished.

Notes
Turn   | Place    | Note
-------+----------+-------------------------------------------
     0 | D        | rocky1 the Ogre Fighter began the quest for the Orb.
     0 | D        | Reached XP level 1. HP: 24/24 MP: 1/1
    21 | D        | Found a bloodstained altar of Trog.
    21 | D        | Found a shimmering blue altar of Sif Muna.
    21 | D        | Found a viscous altar of Jiyva.
    21 | D        | Found a hazy altar of Hepliaklqana.
    21 | D        | Found an opulent altar of Gozag.
    22 | D        | Found a glowing golden altar of the Shining One.
    22 | D        | Found a glowing silver altar of Zin.
    22 | D        | Found a basalt altar of Yredelemnul.
    22 | D        | Found a shimmering altar of Xom.
    22 | D        | Found an ornate altar of the Wu Jian Council.
    22 | D        | Found a sacrificial altar of Ru.
    22 | D        | Found a stormy altar of Qazlal.
    22 | D        | Found an iron altar of Okawaru.
    22 | D        | Found a sparkling altar of Nemelex Xobeh.
    22 | D        | Found a burning altar of Makhleb.
    22 | D        | Found a blossoming altar of Fedhas.
    22 | D        | Found a white marble altar of Elyvilon.
    22 | D        | Found a shadowy altar of Dithmenos.
    22 | D        | Found a snail-covered altar of Cheibriados.
    24 | D        | Found a radiant altar of Vehumet.
    24 | D        | Found a corrupted altar of Lugonu.
    25 | D        | Found a hide-covered altar of Uskayaw.
    25 | D        | Found an ancient bone altar of Kikubaaqudgha.
    25 | D        | Found a broken altar of Ashenzari.
    30 | D        | Became a worshipper of Warmaster Okawaru
    70 | D        | Noticed a floating eye
    73 | D        | Paralysed by a floating eye for 3 turns
    76 | D        | Killed a floating eye
    76 | D        | Reached * piety under Okawaru
    76 | D        | Reached ** piety under Okawaru
    77 | D        | Reached skill level 7 in Fighting
    77 | D        | Reached XP level 2. HP: 40/40 MP: 1/5
    77 | D        | Reached XP level 3. HP: 46/46 MP: 1/6
    77 | D        | Reached XP level 4. HP: 55/55 MP: 1/7
   390 | D        | Reached skill level 5 in Shields
   405 | D        | Reached skill level 5 in Axes
   405 | D        | Reached XP level 5. HP: 40/62 MP: 5/8
   411 | D        | Reached skill level 8 in Fighting
   880 | D        | Noticed an ice beast
   904 | D        | Reached skill level 9 in Fighting
   915 | D        | Killed an ice beast
   916 | D        | Reached skill level 10 in Fighting
   916 | D        | Reached XP level 6. HP: 24/78 MP: 9/9
   929 | D        | Slain by a gnoll sergeant

Illustrated notes

Levels and vault maps discovered:
D:        pitsprint [storerooms_1, entrance_room_1, metal_vault_2, armoury_1,
          mini_pit_1, grid_room_1, main_hall_1, silver_pit, the_coven_3,
          the_vestibule_1, steel_vault_4, golden_pit, hallway_of_sentries,
          crystal_vault_1, iron_vault_4, final_vault]

Skill      XL: |  1  2  3  4  5  6 |
---------------+-------------------+-----
Fighting       | 7 10 | 10.1
Axes           | 4 5 7 |  7.3
Shields        | 4 5 6 7 |  7.0
Invocations    | 4 |  4.5
Dodging        | |  2.6

Action                   |  1- 3 |  4- 6 || total
-------------------------+-------+-------++-------
Melee: War axe           |     7 |    26 ||    33
       Hand axe          |       |    35 ||    35
Invok: Heroism           |       |     1 ||     1
  Use: Potion            |       |     1 ||     1
Armor: Robe              |       |    12 ||    12
Dodge: Dodged            |     1 |    25 ||    26
Block: Kite shield       |     2 |    25 ||    27
